 Dungeon Crawl Stone Soup version 0.30-a0-722-g3e6e8c874d (webtiles) character file.

Game seed: 10579204357107277485

5 Demosthentine the Ducker (level 1, -4/16 HPs)
             Began as a Demonspawn Gladiator on Jan 27, 2023.
             Slain by a gnoll
             ... wielding a +0 club
              (6 damage)
             ... on level 1 of the Dungeon.
             The game lasted 00:00:14 (300 turns).

Demosthentine the Ducker (Demonspawn Gladiator)      Turns: 300, Time: 00:00:14

Health: -4/16      AC:  4    Str: 14    XL:     1   Next: 66%
Magic:  1/1        EV: 12    Int:  9    God:
Gold:   11         SH:  0    Dex: 14    Spells: 0/0 levels left

rFire   . . .      SeeInvis .    a - +0 trident
rCold   . . .      Faith    .    (no shield)
rNeg    . . .      Spirit   .    b - +0 leather armour
rPois   .          Reflect  .    c - +0 helmet
rElec   .          Harm     .    (no cloak)
rCorr   .          Rampage  .    (no gloves)
Will    .....                    (no boots)
Stlth   +                        (no amulet)
HPRegen 0.22/turn                (no ring)
MPRegen 0.07/turn                (no ring)

@: no status effects
A: no striking features
a: no special abilities


You were on level 1 of the Dungeon.
You visited 1 branch of the dungeon, and saw 1 of its levels.

You collected 11 gold pieces.

Inventory:

Hand Weapons
 a - a +0 trident (weapon)
Missiles
 d - 2 throwing nets (quivered)
 e - a javelin
Armour
 b - a +0 leather armour (worn)
 c - a +0 helmet (worn)
Jewellery
 i - a +4 ring of protection
 k - a ring of poison resistance
Scrolls
 f - 2 scrolls of identify {unknown}
 j - a scroll of amnesia {unknown}
Potions
 g - a potion of heal wounds {unknown}
 h - a potion of magic {unknown}


   Skills:
 + Level 2.1 Fighting
 + Level 2.7 Polearms
 - Level 1.7 Throwing
 + Level 0.3 Armour
 + Level 2.7 Dodging


You couldn't memorise any spells.
You didn't know any spells.
Your spell library was empty.

Dungeon Overview and Level Annotations

Branches:
Dungeon (1/15)

Altars:


Message History

Ouch! That really hurt!
There is an open door here.
You are too injured to fight recklessly!
You are too injured to fight recklessly!
You are too injured to fight recklessly!
You are too injured to fight recklessly!
You are too injured to fight recklessly!
You barely miss the gnoll. The gnoll barely misses you.
You barely miss the gnoll. The gnoll hits you with a +0 club.
* * * LOW HITPOINT WARNING * * *
The gnoll misses you.
You hit the gnoll.
The gnoll is lightly wounded.
The gnoll hits you with a +0 club.
* * * LOW HITPOINT WARNING * * *
Throw: 3 throwing nets
Press: ? - help, Q - select action, (/) - cycle Shift-Dir - straight line, f/p - gnoll
Aim: a gnoll, wielding a +0 club (lightly wounded, 63% to hit)
You throw a throwing net. The throwing net hits the gnoll.
The gnoll is caught in the net!
The gnoll is lightly wounded.
The gnoll struggles against the net.
Unknown command.
You hit the gnoll but do no damage.
The gnoll is lightly wounded.
The gnoll struggles against the net.
You puncture the gnoll!
The gnoll is severely wounded.
The gnoll struggles against the net.
You hit the gnoll.
The gnoll is severely wounded.
The gnoll struggles against the net.
You hit the gnoll.
The gnoll is almost dead.
The gnoll struggles against the net.
The net rips apart, and the gnoll comes free!
You closely miss the gnoll.
The gnoll is almost dead.
The gnoll hits you with a +0 club.
You die...

.....#..# ##.......## ##.##
.###....####.........####...##
...........+.........+.......####
.##.....####.........####.......#
.##.#..## #.......# ###..###.#
.##.#.## #.....# #.....##.#
......# #.K.# #.#...##.# .##.###
##g## #.#....#.# .##.#
#####@##### #.##...#.# .##.#
#.........# #........# ###.#
#.###.###.# ######.### ###.###
#.##...##.# #)# #.....#
#.#.....#.# #.#
#.....######......##.########.#
#.............##..........†..(#
#.....######.###.###.##########
#.....# #.###.###.#


You could see a gnoll and a kobold.

Vanquished Creatures
  An endoplasm (D:1)
  A goblin (D:1)
  A kobold (D:1)
  A frilled lizard (D:1)
  A rat (D:1)
5 creatures vanquished.

Notes
Turn   | Place    | Note
-------+----------+-------------------------------------------
     0 | D:1      | Demosthentine the Demonspawn Gladiator began the quest for
                  | the Orb.
     0 | D:1      | Reached XP level 1. HP: 16/16 MP: 1/1
    39 | D:1      | Found a faded altar of an unknown god.
   300 | D:1      | Slain by a gnoll

Illustrated notes

Levels and vault maps discovered:
D:1:      dpeg_arrival_pond, layout_loops_corners,
          hellmonk_ecumenical_altar_crossroads, feat_on_display

Action                     || total
---------------------------++-------
  Melee: Trident           ||    19
  Throw: Throwing net      ||     1
 Armour: Leather armour    ||     2
  Dodge: Dodged            ||     3

Table legend: (Time is in decaauts)
 A = Elapsed time spent in this place.
 B = Non-inter-level travel time spent in this place.
 C = Inter-level travel time spent in this place.
 D = Time resting spent in this place.
 E = Time spent auto-exploring this place.
 F = Levels seen in this place.
 G = Mean time per level.
                   A        B        C        D        E       F      G
               +--------+--------+--------+--------+--------+-----+--------+
         Total |    302 |    302 |      0 |      0 |    254 |   1 |  302.0 |
       Dungeon |    302 |    302 |      0 |      0 |    254 |   1 |  302.0 |
               +--------+--------+--------+--------+--------+-----+--------+

Top non-repeatable levels by time:
     D:1: 302 daAuts
